 Dungeon Crawl Stone Soup version 0.31.0-9-g3a7656b989 (webtiles) character file.

Game seed: 1478339478447922394

16 qw the Shooter (level 2, -1/14 HPs)
             Began as a Spriggan Hunter on Feb 2, 2024.
             Succumbed to their own poison gas
             ... on level 1 of the Dungeon.
             The game lasted 00:00:02 (676 turns).

qw the Shooter (Spriggan Hunter)                     Turns: 676, Time: 00:00:02

Health: -1/14      AC:  5    Str:  7    XL:     2   Next: 41%
Magic:  3/3        EV: 19    Int: 10    God:
Gold:   52         SH:  0    Dex: 18    Spells: 1/1 levels left

rFire   . . .        a - +0 shortbow
rCold   . . .        (shield currently unavailable)
rNeg    . . .        c - +0 robe
rPois   .            (helmet restricted)
rElec   .            e - +2 cloak
rCorr   .            (gloves unavailable)
SInv    +            (boots unavailable)
Will    .....        (no amulet)
Stlth   ++           (no ring)
HPRegen 0.22/turn    (no ring)
MPRegen 0.08/turn

%: no passive effects
@: lethally poisoned (-1 -> -13), very quick
A: very small, no large weapons, unfitting armour, see invisible, speed 3
a: no special abilities


You were on level 1 of the Dungeon.
You visited 1 branch of the dungeon, and saw 1 of its levels.

You collected 52 gold pieces.


Innate Abilities, Weirdness & Mutations

You are very small and have problems with some larger weapons.
You are too small for most types of armour.
You have supernaturally acute eyesight. (SInv)
You cover ground extremely quickly. (Speed+++)


   Skills:
 - Level 1.5 Fighting
 + Level 4.1 Ranged Weapons
 - Level 4.0 Dodging
 - Level 1.5 Stealth


You had one spell level left.
You didn't know any spells.
Your spell library was empty.

Inventory:

Hand Weapons
 a - a +0 shortbow (weapon)
Armour
 c - a +0 robe (worn)
 e - a +2 cloak (worn)
Potions
 h - a potion of mutation {unknown}
 j - a potion of cancellation {unknown}
 k - a potion of enlightenment {unknown}

Dungeon Overview and Level Annotations

Branches:
Dungeon (1/15)

Altars:


Message History

A wave of despondency washes over your surroundings.
It was a scroll of vulnerability.
You start waiting.
You feel your willpower return.
Done waiting.
Partly explored, can't reach some places.
670 ||| READING scroll labelled XOESTO PUATYGO.
The air fills with toxic fumes!
As you read the scroll labelled XOESTO PUATYGO, it crumbles to dust.
It was a scroll of poison.
Partly explored, can't reach some places.
671 ||| READING scroll labelled DOANNA SOLUOTH.
As you read the scroll labelled DOANNA SOLUOTH, it crumbles to dust.
You assume a fearsome visage.
Nothing appears to happen.
It was a scroll of fear.
Partly explored, can't reach some places.
672 ||| DROPPING scroll of butterflies.
You drop a scroll of butterflies.
Partly explored, can't reach some places.
What level of the Dungeon? (default 1, ? - help) Sorry, I don't know how to get there.
Enter note:
Enter note:
Enter note:
Enter note:
Enter note:
Enter note:
Enter note:
Enter note:
Enter note: You are engulfed in poison gas.
You are lethally poisoned!
You feel very sick.
674 ||| Stepping ~*~*~tactically~*~*~ (cloud).
You feel very sick.
Things that are here:
a scroll of butterflies; a +0 sling
There is a lethal amount of poison in your body!
You feel very sick.
There is a lethal amount of poison in your body!
You die...

#..........#
#.....
###0¤0¤0¤¤¤¤.#
#.....
#¤¤¤¤¤¤¤¤¤¤###
#)....
#¤0¤¤¤¤¤¤¤.#
###.....
#¤¤¤¤¤¤¤¤###
#.......
#¤¤¤¤¤¤¤¤#
#.#.....
#¤¤¤¤¤¤¤¤#
#.######
#00¤¤¤¤¤¤#
#.#}##}#
#0¤¤00@¤¤#
#.......
#0¤¤¤¤¤¤¤#
###}##}#
##########
######


There were no monsters in sight!

Vanquished Creatures
  2 ball pythons (D:1)
  An endoplasm (D:1)
  2 giant cockroaches (D:1)
  A goblin (D:1)
  2 hobgoblins (D:1)
  2 kobolds (D:1)
  A bat (D:1)
  2 frilled lizards (D:1)
  2 rats (D:1)
15 creatures vanquished.

Notes
Turn   | Place    | Note
-------+----------+-------------------------------------------
     0 | D:1      | qw the Spriggan Hunter began the quest for the Orb.
     0 | D:1      | Reached XP level 1. HP: 10/10 MP: 2/2
     0 | D:1      | 0 ||| qw: Version: 0.3-a-155-g5e7d8dd
     0 | D:1      | 0 ||| qw: Game counter: 588
     0 | D:1      | 0 ||| qw: Melee chars always use a shield: true
     0 | D:1      | 0 ||| qw: God list: Okawaru
     0 | D:1      | 0 ||| qw: Allow faded altars: false
     0 | D:1      | 0 ||| qw: Do Orc after clearing Dungeon:15 true
     0 | D:1      | 0 ||| qw: Do second Lair branch before Depths: true
     0 | D:1      | 0 ||| qw: Lair rune preference: random
     0 | D:1      | 0 ||| qw: Goals: Normal
     0 | D:1      | 0 ||| PLANNING D:1-11
    74 | D:1      | Reached skill level 3 in Dodging
   166 | D:1      | Reached XP level 2. HP: 14/14 MP: 3/3
   170 | D:1      | Found a faded altar of an unknown god.
   535 | D:1      | 535 ||| UPGRADING to +2 cloak.
   540 | D:1      | 540 ||| READING scroll labelled JOVOCR JIQAU.
   540 | D:1      | 540 ||| ENCHANTING +0 shortbow.
   541 | D:1      | 541 ||| READING scroll labelled IKHIEM GOLYDA.
   569 | D:1      | 569 ||| READING scroll labelled MOAHEAMIDD.
   670 | D:1      | 670 ||| READING scroll labelled XOESTO PUATYGO.
   671 | D:1      | 671 ||| READING scroll labelled DOANNA SOLUOTH.
   672 | D:1      | 672 ||| DROPPING scroll of butterflies.
   674 | D:1      | 674 ||| Stepping ~*~*~tactically~*~*~ (cloud).
   675 | D:1      | HP: 2/14 [poisoned by you (poison gas)]
   676 | D:1      | Succumbed to their own poison gas

Levels and vault maps discovered:
D:1:      tarquinn_simple_flora_water_a, layout_basic,
          shapermc_ecumenical_altar_flowoftime, amcnicky_mini_corridor_feature

Skill      XL: |  1  2 |
---------------+-------+-----
Dodging        | 3 4 |  4.0
Fighting       | |  1.5
Ranged Weapons | |  4.1
Stealth        | |  1.5

Action                     || total
---------------------------++-------
   Fire: Shortbow          ||    33
    Use: Scroll            ||     5
  Dodge: Dodged            ||     8

Table legend:
 A = Non-vault XP
 B = Vault XP
 C = Vault XP percentage of total XP
 D = Non-vault monster count
 E = Vault monster count
 F = Vault count percentage of total count
                 A         B        C        D         E       F
            +---------+---------+-------+---------+---------+-------
      Total |      24 |       0 |   0.0 |      15 |       0 |   0.0
            +---------+---------+-------+---------+---------+-------
        D:1 |      24 |       0 |   0.0 |      15 |       0 |   0.0
            +---------+---------+-------+---------+---------+-------
